 Dungeon Sprint DCSS version 0.20.1-1-g8b1a95d (webtiles) character file.

21260 potatolord6000 the Apostle (level 12, -6/128 HPs)
             Began as a Hill Orc Monk on Sept 8, 2017.
             Was a High Priest of Beogh.
             Killed from afar by a hell hog (28 damage)
             ... with a fireball
             ... in the Dungeon (Sprint VII: "The Pits").
             The game lasted 00:16:11 (3092 turns).

potatolord6000 the Apostle (Hill Orc Monk)          Turns: 3092, Time: 00:16:11

Health: -6/128     AC: 22    Str: 19    XL:     12   Next: 88%
Magic:  9/25       EV:  9    Int: 10    God:    Beogh [*****.]
Gold:   10         SH:  0    Dex: 16    Spells: 11/11 levels left

rFire    . . .     SeeInvis .   u - +2 great sword (flame)
rCold    . . .     Gourm    .   (shield currently unavailable)
rNeg     . . .     Faith    .   C - +4 chain mail
rPois    .         Spirit   .   (no helmet)
rElec    .         Reflect  .   (no cloak)
rCorr    .         Harm     .   E - +0 pair of gloves
MR       .....     NoTele   +   (no boots)
Stlth    ..........             (no amulet)
Regen    0.4/turn               r - +3 ring of protection
MPRegen  0.2/turn               s - +3 ring of dexterity

@: vulnerable, drained
A: walk on water
a: Smiting, Recall Orcish Followers, Give Item to Named Follower, Renounce
Religion


You were in the Dungeon.
You worshipped Beogh.
Beogh was extremely pleased with you.
You were very full.

You visited 1 branch You collected 10 gold pieces.

Inventory:

Hand Weapons
 b - a +2 long sword of holy wrath
 q - a +1 trident of freezing
 u - a +2 great sword of flaming (weapon)
 x - a +2 scimitar of holy wrath
 y - a +1 broad axe of freezing
 z - a +2 halberd of venom
 A - a +2 rapier of draining
 B - a +4 quarterstaff of speed
Armour
 C - a +4 chain mail (worn)
 E - a +0 pair of gloves (worn)
Jewellery
 r - a +3 ring of protection (left hand)
 s - a +3 ring of dexterity (right hand)
Scrolls
 i - 3 scrolls of blinking
 k - 5 scrolls of remove curse
 l - 6 scrolls of amnesia
 m - a scroll of summoning
 p - 3 scrolls of fog
 w - 2 scrolls of recharging
Potions
 a - 2 potions of invisibility
 d - 2 potions of curing
 e - 3 potions of heal wounds
 g - 2 potions of magic
 h - 5 potions of berserk rage
 j - a potion of flight {unknown}
 t - 2 potions of resistance
 v - a potion of brilliance
Comestibles
 c - 12 bread rations
 f - 6 royal jellies
 n - 40 fruits
 o - 2 meat rations


   Skills:
 + Level 18.7(18.2) Fighting
 + Level 17.5(17.1) Long Blades
 + Level 17.1(16.6) Armour
 - Level 2.4(2.1) Dodging
 - Level 1.5(1.2) Stealth
 + Level 19.8(19.3) Invocations


You had 11 spell levels left.
You didn't know any spells.

Dungeon Overview and Level Annotations

Branches:
Dungeon (1/1)

Altars:
Ashenzari
Cheibriados
Dithmenos
Elyvilon
Fedhas
Gozag
Hepliaklqana
Kikubaaqudgha
Makhleb
Nemelex Xobeh
Okawaru
Qazlal
Ru
Sif Muna
Trog
Uskayaw
Vehumet
Xom
Yredelemnul
Zin
The Shining One
Beogh
Jiyva
Lugonu


Message History

The hell hog is severely wounded.
You can no longer revive fallen orcs.
The hell hog bites you but does no damage. x2
A vampire mage comes into view.
It is wielding the +2 demon trident "Zuashy" {vamp, rC+ rN++}.
Unknown command.
Your chain mail prevents you from hitting the hell hog.
The hell hog is severely wounded.
The hell rat closely misses you.
Your orc knight completely misses the hell hog.
The hell hog bites you but does no damage.
Unknown command.
You barely miss the hell hog.
The hell hog is severely wounded.
The hell rat bites you!
* * * LOW HITPOINT WARNING * * *
You feel drained.
* * * LOW HITPOINT WARNING * * *
The hell hog breathes fire at you.
The fireball explodes!
The fireball engulfs you!
You die...

+..#....#..# +..........#
#..........#
###########..#....#..#
...o.....''..........#
....o....''..........#
######..##..#....#..#
#h#.(##..........+
#@o.##..........+
#r#..####''####''#
#p##..####['####''## #V#
#..##.).)..##.... ##
#..##.#[##.##....
...##.#.:+.##..##
...##.'.)# ##..#
#####.#.)+ #..#
########++###########.+.}#
#..#


You could see a hell knight, a hell hog, a vampire mage, a hell rat and a
friendly orc knight.

Vanquished Creatures
  A death cob (D)
  An angel (D)
  A hydra (D)
  A catoblepas (D)
  A merfolk avatar (D)
  An anaconda (D)
  A hell hog (D)
  A fire crab (D)
  3 hell knights (D)
  A sea snake (D)
  A lindwurm (D)
  A flayed ghost (D)
  2 cyclopes (D)
  A deep elf mage (D)
  A manticore (D)
  An eye of devastation (D)
  A spiny frog (D)
  A molten gargoyle (D)
  An orange demon (D)
  2 kobold demonologists (D)
  A guardian mummy (D)
  A freezing wraith (D)
  A merfolk (D)
  A hornet (D)
  A jumping spider (D)
  4 blink frogs (D)
  3 redbacks (D)
  5 yaks (D)
  A wraith (D)
  3 spriggans (D)
  3 hungry ghosts (D)
  A chaos spawn (D)
  2 steam dragons (D)
  2 wargs (D)
  A soldier ant (shapeshifter) (D)
  A porcupine (D)
  A water moccasin (D)
  An ice beast (D)
  A sky beast (D)
  A swamp drake (D)
  A black bear (D)
  A centaur (D)
  2 gnoll sergeants (D)
  A quasit (D)
  Terence (D)
  A worker ant (D)
  A hell rat (D)
  2 gnolls (D)
  A river rat (D)
  A white imp (D)
  An ooze (D)
  2 adder skeletons (D)
  A leopard gecko (D)
  2 ball pythons (D)
  A bat skeleton (D)
  2 giant cockroaches (D)
  A hobgoblin (D)
  8 jackals (D)
  A quokka (D)
  A rat (D)
91 creatures vanquished.

Vanquished Creatures (collateral kills)
  A fire giant (D)
  A hell knight (D)
  An iron troll (D)
  A spriggan druid (D)
  An orc knight (D)
  A swamp dragon (D)
  A phantasmal warrior (D)
  A red devil (D)
  2 blink frogs (D)
  A bog body (D)
  2 redbacks (D)
  An air elemental (D)
  A yak (D)
  A wyvern (D)
  A basilisk (D)
  2 acid dragons (D)
  An orc warrior (D)
  A quasit (D)
  A gnoll (D)
  A ball python (D)
23 creatures vanquished.

Vanquished Creatures (others)
  An orc priest (D)
  2 orc knights (D)
  A black mamba (D)
  2 orc warriors (D)
  An orc wizard (D)
7 creatures vanquished.

Grand Total: 121 creatures vanquished

Notes
Turn   | Place    | Note
-------+----------+-------------------------------------------
     0 | D        | potatolord6000 the Hill Orc Monk began the quest for the Orb.
     0 | D        | Reached XP level 1. HP: 19/19 MP: 1/1
    46 | D        | Found a bloodstained altar of Trog.
    46 | D        | Found a deep blue altar of Sif Muna.
    46 | D        | Found a viscous altar of Jiyva.
    46 | D        | Found a hazy altar of Hepliaklqana.
    46 | D        | Found an opulent altar of Gozag.
    47 | D        | Found a glowing golden altar of the Shining One.
    47 | D        | Found a glowing silver altar of Zin.
    47 | D        | Found a basalt altar of Yredelemnul.
    47 | D        | Found a shimmering altar of Xom.
    47 | D        | Found a sacrificial altar of Ru.
    47 | D        | Found a stormy altar of Qazlal.
    47 | D        | Found an iron altar of Okawaru.
    47 | D        | Found a sparkling altar of Nemelex Xobeh.
    47 | D        | Found a burning altar of Makhleb.
    47 | D        | Found a blossoming altar of Fedhas.
    47 | D        | Found a white marble altar of Elyvilon.
    47 | D        | Found a shadowy altar of Dithmenos.
    47 | D        | Found a snail-covered altar of Cheibriados.
    50 | D        | Found a corrupted altar of Lugonu.
    50 | D        | Found a radiant altar of Vehumet.
    50 | D        | Found a roughly hewn altar of Beogh.
    51 | D        | Found an ancient bone altar of Kikubaaqudgha.
    51 | D        | Found a hide-covered altar of Uskayaw.
    51 | D        | Found a shattered altar of Ashenzari.
    73 | D        | Became a worshipper of Beogh the Brigand
    73 | D        | Reached * piety under Beogh
    73 | D        | Reached ** piety under Beogh
    96 | D        | Reached skill level 1 in Armour
    96 | D        | Reached skill level 1 in Invocations
   107 | D        | Reached skill level 2 in Invocations
   107 | D        | Reached XP level 2. HP: 25/28 MP: 3/3
   117 | D        | Reached *** piety under Beogh
   123 | D        | Reached **** piety under Beogh
   123 | D        | Reached skill level 5 in Fighting
   123 | D        | Reached skill level 3 in Invocations
   290 | D        | Noticed Terence
   291 | D        | Noticed a hungry ghost
   300 | D        | Killed Terence
   300 | D        | Reached skill level 5 in Long Blades
   300 | D        | Reached skill level 4 in Invocations
   300 | D        | Reached XP level 3. HP: 37/37 MP: 1/6
   310 | D        | Killed a hungry ghost
   310 | D        | Reached skill level 5 in Armour
   310 | D        | Reached skill level 6 in Invocations
   310 | D        | Reached XP level 4. HP: 46/47 MP: 2/9
   310 | D        | Reached XP level 5. HP: 51/52 MP: 2/10
   315 | D        | Reached ***** piety under Beogh
   315 | D        | Reached skill level 7 in Invocations
   480 | D        | Noticed a sea snake
   485 | D        | Killed a sea snake
   485 | D        | Reached skill level 10 in Fighting
   485 | D        | Reached skill level 10 in Invocations
   485 | D        | Reached XP level 6. HP: 53/67 MP: 10/13
   485 | D        | Reached XP level 7. HP: 58/73 MP: 10/14
   556 | D        | Noticed a warg
   571 | D        | Killed a warg
   571 | D        | Reached skill level 10 in Long Blades
   571 | D        | Reached XP level 8. HP: 77/81 MP: 14/16
   583 | D        | Reached skill level 11 in Invocations
   665 | D        | Noticed a lindwurm
   667 | D        | Killed a lindwurm
   667 | D        | Reached skill level 10 in Armour
   669 | D        | Reached skill level 12 in Invocations
   801 | D        | Noticed an orange demon
   804 | D        | Killed an orange demon
   804 | D        | Reached XP level 9. HP: 90/90 MP: 11/18
  1016 | D        | Noticed a cyclops
  1019 | D        | Killed a cyclops
  1019 | D        | Reached skill level 13 in Invocations
  1074 | D        | Noticed a freezing wraith
  1074 | D        | Noticed a molten gargoyle
  1076 | D        | Killed a freezing wraith
  1078 | D        | Killed a molten gargoyle
  1176 | D        | Noticed a merfolk avatar
  1179 | D        | Killed a merfolk avatar
  1179 | D        | Reached skill level 14 in Invocations
  1179 | D        | Reached XP level 10. HP: 98/102 MP: 13/20
  1205 | D        | Reached ****** piety under Beogh
  1221 | D        | Reached skill level 15 in Invocations
  1491 | D        | Noticed a manticore
  1503 | D        | Killed a manticore
  1678 | D        | Noticed a spiny frog
  1681 | D        | Killed a spiny frog
  1724 | D        | Noticed a flayed ghost
  1730 | D        | Killed a flayed ghost
  1730 | D        | Reached skill level 15 in Fighting
  1749 | D        | Gained Ognian as an ally
  1749 | D        | Reached XP level 11. HP: 55/112 MP: 20/22
  1965 | D        | Noticed a cyclops
  1976 | D        | Reached skill level 16 in Invocations
  1991 | D        | Killed a cyclops
  2010 | D        | Noticed a fire crab
  2012 | D        | Killed a fire crab
  2171 | D        | Reached skill level 15 in Long Blades
  2177 | D        | Reached skill level 17 in Invocations
  2469 | D        | Noticed a sixfirhy
  2559 | D        | Reached skill level 15 in Armour
  2803 | D        | Noticed an orc knight
  2803 | D        | Noticed a four-headed hydra
  2806 | D        | Killed a four-headed hydra
  2813 | D        | Killed an orc knight
  2965 | D        | Noticed a death cob
  2965 | D        | Noticed an iron troll
  2965 | D        | Noticed a fire giant
  2965 | D        | Noticed an angel
  2965 | D        | Noticed a spriggan druid
  2978 | D        | Killed a death cob
  2978 | D        | Reached skill level 18 in Invocations
  2980 | D        | Killed an angel
  2980 | D        | Reached XP level 12. HP: 56/125 MP: 15/25
  2983 | D        | Killed a fire giant
  2986 | D        | Killed an iron troll
  3044 | D        | Noticed a hell knight
  3049 | D        | Noticed an anaconda
  3054 | D        | Killed a hell knight
  3058 | D        | Reached skill level 19 in Invocations
  3064 | D        | Killed an anaconda
  3066 | D        | Noticed a hell hog
  3068 | D        | Killed a hell hog
  3073 | D        | Noticed a catoblepas
  3075 | D        | Noticed a hell knight
  3082 | D        | Killed a hell knight
  3083 | D        | Noticed a hell knight
  3083 | D        | Noticed a hell knight
  3085 | D        | Noticed a spriggan rider
  3086 | D        | Killed a catoblepas
  3087 | D        | Killed a hell knight
  3089 | D        | Noticed a hell hog
  3089 | D        | Killed a spriggan rider
  3089 | D        | Your ally Ognian died
  3091 | D        | Noticed a vampire mage
  3092 | D        | Killed from afar by a hell hog

Skill      XL: |  1  2  3  4  5  6  7  8  9 10 11 12 |
---------------+-------------------------------------+-----
Fighting       | 4 5 7 10 12 13 15 17 18 | 18.7
Armour         | 1 3 5 8 9 10 12 13 15 17 | 17.1
Invocations    | 2 4 6 10 12 14 15 18 19 | 19.8
Long Blades    | 5 6 9 10 11 12 14 16 17 | 17.5
Dodging        | |  2.4
Stealth        | |  1.5

Action                   |  1- 3 |  4- 6 |  7- 9 | 10-12 || total
-------------------------+-------+-------+-------+-------++-------
Melee: Falchion          |    23 |       |       |       ||    23
       Long sword        |    13 |    15 |    52 |   176 ||   256
       Great sword       |       |       |       |    22 ||    22
Invok: Smiting           |     1 |     3 |    15 |    45 ||    64
       Recall Orcish Fol |       |       |       |     1 ||     1
       Resurrection      |       |       |       |     2 ||     2
       Give Item to Name |       |       |       |     1 ||     1
  Use: Potion            |       |     1 |       |    27 ||    28
 Stab: Sleeping          |     2 |       |       |       ||     2
       Distracted        |       |       |       |     1 ||     1
  Eat: Meat ration       |     1 |     2 |     1 |     3 ||     7
Armor: Robe              |     5 |       |       |       ||     5
       Chain mail        |    10 |    10 |    37 |   163 ||   220
Dodge: Dodged            |    28 |     9 |    21 |   143 ||   201
       Rpst.: Falchion   |    11 |       |       |       ||    11
       Long sword        |     2 |     4 |    10 |    32 ||    48
       Great sword       |       |       |       |     5 ||     5
